 Dungeon Crawl Stone Soup version 0.31.0-1-g2c135a008e (webtiles) character file.

Game seed: 13370581331614126885

273 qw the Shooter (level 6, -2/46 HPs)
             Began as a Djinni Hunter on Jan 23, 2024.
             Slain by an ogre
             ... wielding a +0 giant club
              (14 damage)
             ... on level 3 of the Dungeon.
             The game lasted 00:00:11 (2845 turns).

qw the Shooter (Djinni Hunter)                      Turns: 2845, Time: 00:00:12

Health: -2/46      AC:  4    Str:  9    XL:     6   Next: 48%
Gold:   218        EV: 14    Int: 10    God:
                   SH:  0    Dex: 22

rFire   + + .        a - +0 shortbow
rCold   x . .        (shield currently unavailable)
rNeg    . . .        e - +1 leather armour {rPois}
rPois   inf          (no helmet)
rElec   .            (no cloak)
rCorr   .            (no gloves)
SInv    .            (boots unavailable)
Will    ++...        h - amulet of regeneration
Stlth   ++           f - ring of willpower
HPRegen 1.87/turn    (no ring)
MPRegen 0.00/turn

%: infuse magic (-3 HP)
@: flying
A: sickness immunity, fire resistance 2, cold vulnerability 1, float, innate
caster, HP casting, extra vitality 1, agile 1, strong-willed 1, regeneration 1,
evolution 1
a: no special abilities


You were on level 3 of the Dungeon.
You visited 1 branch of the dungeon, and saw 4 of its levels.
You also visited: Sewer.

You collected 218 gold pieces.


Innate Abilities, Weirdness & Mutations

You are immune to sickness and miasma.
You are immune to poison.
Your flesh is very heat resistant. (rF++)
You are vulnerable to cold. (rC-)
You float through the air rather than walking.
You learn spells naturally, not from books.
Your magical power is your life essence.
You have superior vitality. (+4 MHP)
You are agile. (Dex +4, Str/Int -1)
You are strong-willed. (Will+)
Your natural rate of healing is unusually fast.
You have hidden genetic potential.


   Skills:
 + Level 3.2 Fighting
 - Level 5.0 Ranged Weapons
 - Level 4.1 Dodging
 - Level 0.7 Stealth


You knew the following spells:

 Your Spells              Type           Power      Damage    Failure   Level
a - Kiss of Death         Conj/Necr      0%         2d5       47%         1
b - Momentum Strike       Conj/Tloc      0%         3d8       63%         2
Your spell library was empty.

Inventory:

Hand Weapons
 a - a +0 shortbow (weapon)
Armour
 e - a +1 leather armour of poison resistance (worn)
Jewellery
 f - a ring of willpower (left hand)
 h - an amulet of regeneration (around neck)
Potions
 b - a potion of enlightenment
 g - a potion of heal wounds {unknown}
 k - a potion of haste {unknown}

Dungeon Overview and Level Annotations

Branches:
Dungeon (4/15)              Sewer (visited)
 Temple: D:4-7

Altars:


Message History

You now have 204 gold pieces (gained 11).
There is an open door here.
You reach down and open the door.
There is an open door here.
There is an open door here.
You reach down and open the door.
There is an open door here.
There is an open door here.
You see here a +0 robe.
There is an escape hatch in the floor here.
You now have 218 gold pieces (gained 14).
Done exploring.
Done exploring.
What level of the Dungeon? (default 1, ? - help)
There is a stone staircase leading down here.
You fly downwards.
The goblin shouts!
The endoplasm quivers.
Found a stone staircase leading down.
There is a stone staircase leading up here.
There are monsters nearby!
Waypoint 4 assigned to D:4.
You shoot an arrow. The arrow hits the ogre.
The ogre is lightly wounded.
You shoot an arrow.
The arrow hits the ogre but does no damage.
The ogre is lightly wounded.
You shoot an arrow. The arrow closely misses the ogre.
2840 ||| STAIRDANCE The ogre hits you with a +0 giant club!
You fly upwards.
There is a stone staircase leading down here.
You shoot an arrow. The arrow completely misses the ogre.
The ogre hits you with a +0 giant club!!
You shoot an arrow. The arrow barely misses the ogre.
The ogre hits you with a +0 giant club!!
You shoot an arrow. The arrow hits the ogre.
The ogre is moderately wounded.
You shoot an arrow. The arrow barely misses the ogre.
The ogre hits you with a +0 giant club!
You die...

#######..>## #.### ##### #.###
#..## ....# #.# ##..# ###.# #.#
##.##### #.###.# #.#...# #
#..##.# ######### #.....#
####....#####...#...## ###...#
.....#...............####....##
####.##.###.....@.........####
..##....# #.....O..<..#####
#....##.###...........#
####.[....#...........##
####....#...#...#...#.<##
...............##.####..#
###.#######.##.#..# ##.## #.#
#......## #..# #.# #.####..#
##.##


You could see an ogre.

Vanquished Creatures
  2 bullfrogs (Sewer)
  3 adders
  4 dart slugs (Sewer)
  A ribbon worm (D:2)
  An orc (D:3)
  6 endoplasms
  16 giant cockroaches
  2 goblins
  6 hobgoblins
  8 jackals
  4 quokkas
  13 ball pythons
  7 bats
  16 frilled lizards
  8 kobolds
  8 rats
105 creatures vanquished.

Notes
Turn   | Place    | Note
-------+----------+-------------------------------------------
     0 | D:1      | qw the Djinni Hunter began the quest for the Orb.
     0 | D:1      | Reached XP level 1. HP: 18/18 MP: 0/0
     0 | D:1      | 0 ||| qw: Version: 0.3-a-136-gdd3b4e8
     0 | D:1      | 0 ||| qw: Game counter: 1121
     0 | D:1      | 0 ||| qw: Melee chars always use a shield: true
     0 | D:1      | 0 ||| qw: God list: Okawaru
     0 | D:1      | 0 ||| qw: Allow faded altars: false
     0 | D:1      | 0 ||| qw: Do Orc after clearing Dungeon:15 true
     0 | D:1      | 0 ||| qw: Do second Lair branch before Depths: true
     0 | D:1      | 0 ||| qw: Lair rune preference: random
     0 | D:1      | 0 ||| qw: Goals: Normal
     0 | D:1      | 0 ||| PLANNING D:1-11
    25 | D:1      | 25 ||| RETREEEEATING.
    27 | D:1      | 27 ||| RETREEEEATING.
    37 | D:1      | Reached XP level 2. HP: 19/23 MP: 0/0
   292 | D:1      | Reached skill level 4 in Ranged Weapons
   292 | D:1      | Reached XP level 3. HP: 28/28 MP: 0/0
   292 | D:1      | Learned a level 1 spell: Kiss of Death
   810 | D:1      | 810 ||| UPGRADING to +1 leather armour of poison
                  | resistance.
   820 | D:1      | 820 ||| DROPPING +0 leather armour.
   821 | D:1      | 821 ||| UPGRADING to ring of willpower.
   822 | D:1      | 822 ||| READING scroll labelled FOWNANOI PASUE.
   823 | D:1      | 823 ||| DROPPING scroll of butterflies.
  1036 | D:2      | Reached XP level 4. HP: 34/34 MP: 0/0
  1094 | D:2      | Reached skill level 3 in Fighting
  1174 | D:2      | Found a faded altar of an unknown god.
  1794 | D:2      | 1794 ||| UPGRADING to amulet of regeneration.
  1799 | D:2      | 1799 ||| READING scroll of identify.
  1799 | D:2      | 1799 ||| IDENTIFYING murky red potion
  1800 | D:2      | 1800 ||| READING scroll labelled RIHYDE REVI.
  1815 | D:2      | 1815 ||| READING scroll labelled RIJOCO NOCI.
  1816 | D:2      | 1816 ||| READING scroll labelled OGU BEJILESEC.
  1817 | D:2      | 1817 ||| DRINKING 2 glowing emerald potions.
  1857 | D:2      | 1857 ||| DROPPING potion of lignification.
  1861 | D:3      | 1861 ||| PLANNING SEWER
  1943 | D:3      | Reached skill level 3 in Dodging
  2264 | D:3      | Found a glowing drain.
  2265 | D:3      | 2265 ||| READING scroll of identify.
  2265 | D:3      | 2265 ||| IDENTIFYING lumpy coppery potion
  2266 | D:3      | 2266 ||| READING scroll labelled MOOJOPOLLA.
  2271 | D:3      | 2271 ||| DRINKING 4 ruby potions.
  2271 | D:3      | Gained mutation: Your muscles are strong. (Str +4, Int/Dex
                  | -1) [potion of mutation]
  2271 | D:3      | Gained mutation: You are agile. (Dex +4, Str/Int -1)
                  | [potion of mutation]
  2271 | D:3      | Gained mutation: Your flesh is almost immune to the effects
                  | of heat. (rF+++) [potion of mutation]
  2271 | D:3      | Gained mutation: You possess an exceptional clarity of
                  | mind. [potion of mutation]
  2272 | D:3      | 2272 ||| DRINKING 3 potions of mutation.
  2272 | D:3      | Lost mutation: You are agile. (Dex +4, Str/Int -1) [potion
                  | of mutation]
  2272 | D:3      | Lost mutation: Your flesh is almost immune to the effects
                  | of heat. (rF+++) [potion of mutation]
  2272 | D:3      | Gained mutation: Your health recovers twice as slowly from
                  | being drained. [potion of mutation]
  2272 | D:3      | Gained mutation: You are clumsy. (Dex -2) [potion of
                  | mutation]
  2272 | D:3      | Gained mutation: You are strong-willed. (Will+) [potion of
                  | mutation]
  2273 | D:3      | 2273 ||| DRINKING 2 potions of mutation.
  2273 | D:3      | Lost mutation: Your health recovers twice as slowly from
                  | being drained. [potion of mutation]
  2273 | D:3      | Lost mutation: You are clumsy. (Dex -2) [potion of
                  | mutation]
  2273 | D:3      | Lost mutation: You possess an exceptional clarity of mind.
                  | [potion of mutation]
  2273 | D:3      | Gained mutation: Your spells are a little easier to cast,
                  | but a little less powerful. [potion of mutation]
  2273 | D:3      | Gained mutation: You are highly strong-willed. (Will++)
                  | [potion of mutation]
  2273 | D:3      | Gained mutation: You are agile. (Dex +4, Str/Int -1)
                  | [potion of mutation]
  2274 | D:3      | 2274 ||| DRINKING potion of mutation.
  2274 | D:3      | Lost mutation: Your spells are a little easier to cast, but
                  | a little less powerful. [potion of mutation]
  2274 | D:3      | Lost mutation: Your muscles are strong. (Str +4, Int/Dex
                  | -1) [potion of mutation]
  2274 | D:3      | Lost mutation: You are highly strong-willed. (Will++)
                  | [potion of mutation]
  2274 | D:3      | Gained mutation: You have hidden genetic potential. [potion
                  | of mutation]
  2275 | D:3      | 2275 ||| DROPPING potion of attraction.
  2352 | Sewer    | Entered a sewer
  2361 | Sewer    | Reached XP level 5. HP: 40/40 MP: 0/0
  2361 | Sewer    | Learned a level 2 spell: Momentum Strike
  2476 | Sewer    | Noticed a bullfrog
  2484 | Sewer    | Killed a bullfrog
  2485 | Sewer    | Reached skill level 5 in Ranged Weapons
  2492 | Sewer    | Noticed a bullfrog
  2496 | Sewer    | Gained mutation: Your natural rate of healing is unusually
                  | fast. [hidden potential]
  2501 | Sewer    | Killed a bullfrog
  2502 | Sewer    | Reached XP level 6. HP: 26/46 MP: 0/0
  2566 | Sewer    | 2566 ||| READING scroll labelled IFURUAMINO.
  2581 | D:3      | 2581 ||| PLANNING D:1-11
  2836 | D:4      | Noticed an ogre
  2840 | D:4      | 2840 ||| STAIRDANCE
  2843 | D:3      | HP: 7/46 [ogre/+0 giant club (18)]
  2845 | D:3      | Slain by an ogre

Levels and vault maps discovered:
D:1:      minmay_arrival_checkered_box, layout_basic
D:2:      layout_loops_corners, shapermc_ecumenical_altar_rom_forum,
          serial_park_tiny_1, chequers_decorated_corner, kennysheep_minor_cross
D:3:      minmay_door_path, layout_rooms, gup_sewer_entry_spiral
D:4:      layout_rooms, chequers_serial_rivers_room_b, minmay_misc_feat_five,
          kennysheep_generic_room_8

Skill      XL: |  1  2  3  4  5 |
---------------+----------------+-----
Ranged Weapons | 4 5 |  5.0
Fighting       | 3 |  3.2
Dodging        | 3 4 |  4.1
Stealth        | |  0.7

Action                     |  1- 3 |  4- 6 || total
---------------------------+-------+-------++-------
   Fire: Shortbow          |   122 |   166 ||   288
    Use: Scroll            |     1 |     7 ||     8
         Potion            |       |     5 ||     5
 Armour: Leather armour    |    27 |    41 ||    68
  Dodge: Dodged            |    36 |    43 ||    79

Table legend:
 A = Non-vault XP
 B = Vault XP
 C = Vault XP percentage of total XP
 D = Non-vault monster count
 E = Vault monster count
 F = Vault count percentage of total count
                 A         B        C        D         E       F
            +---------+---------+-------+---------+---------+-------
      Total |     115 |     276 |  70.6 |      61 |      44 |  41.9
            +---------+---------+-------+---------+---------+-------
        D:1 |      53 |       0 |   0.0 |      32 |       0 |   0.0
        D:2 |      37 |       0 |   0.0 |      21 |       0 |   0.0
        D:3 |      25 |      13 |  34.2 |       8 |       9 |  52.9
      Sewer |       0 |     263 | 100.0 |       0 |      35 | 100.0
            +---------+---------+-------+---------+---------+-------
